 Dungeon Crawl Stone Soup version 0.21.1-1-g345015f (webtiles) character file.

47205 wojtek the Cleaver (level 14, -2/122 HPs)
             Began as a Minotaur Fighter on July 23, 2018.
             Was an Elder of Makhleb.
             Slain by an orc knight
             ... wielding a +3 long sword
              (20 damage)
             ... on level 1 of the Orcish Mines.
             The game lasted 00:33:55 (22146 turns).

wojtek the Cleaver (Minotaur Fighter)              Turns: 22146, Time: 00:33:56

Health: -2/122     AC: 18    Str: 24    XL:     14   Next: 7%
Magic:  20/20      EV:  8    Int:  5    God:    Makhleb [****..]
Gold:   1184       SH: 21    Dex: 12    Spells: 13/13 levels left

rFire    . . .     SeeInvis .   a - +0 war axe
rCold    + . .     Gourm    .   D - +0 large shield
rNeg     . . .     Faith    .   G - +0 plate armour
rPois    +         Spirit   .   (helmet restricted)
rElec    .         Reflect  +   I - +1 cloak {+Inv}
rCorr    .         Harm     .   e - +0 pair of gloves
MR       +....                  (no boots)
Stlth    ..........             m - +3 amulet of reflection
HPRegen  0.30/turn              u - ring of poison resistance
MPRegen  0.17/turn              v - ring of protection from cold

@: slowed, drained, very slow
A: retaliatory headbutt, horns 2
a: Minor Destruction, Lesser Servant of Makhleb, Major Destruction, Renounce
Religion, Evoke Invisibility


You were on level 1 of the Orcish Mines.
You worshipped Makhleb.
Makhleb was greatly pleased with you.
You were hungry.

You visited 3 branches of the dungeon, and saw 18 of its levels.

You collected 1184 gold pieces.

Inventory:

Hand Weapons
 a - a +0 war axe (weapon)
Missiles
 y - 5 throwing nets (quivered)
Armour
 e - a +0 pair of gloves (worn)
 D - a +0 large shield (worn)
 G - a +0 plate armour (worn)
 I - a +1 cloak of invisibility (worn)
Jewellery
 k - a cursed -3 ring of protection {unknown}
 m - a +3 amulet of reflection (around neck)
 u - a ring of poison resistance (left hand)
 v - a ring of protection from cold (right hand)
Wands
 w - a wand of flame (68)
 B - a wand of digging (33)
 C - a wand of acid (18)
 J - a wand of polymorph (4)
 M - a wand of clouds (7)
 X - a wand of enslavement (19)
Scrolls
 i - 5 scrolls of magic mapping
 j - 3 scrolls of identify
 n - 5 scrolls of immolation
 o - 2 scrolls of silence {unknown}
 p - 4 scrolls of remove curse
 q - 6 scrolls of fog
 x - 8 scrolls of teleportation
 A - 2 scrolls of blinking
Potions
 b - 3 potions of brilliance {unknown}
 d - 3 potions of might
 g - a potion of invisibility
 h - 5 potions of curing
 l - 6 potions of lignification
 s - 2 potions of agility
 t - a potion of mutation {unknown}
 z - 2 potions of degeneration {unknown}
 H - 4 potions of berserk rage
 K - 3 potions of haste
 L - 2 potions of heal wounds {unknown}
Miscellaneous
 E - a fan of gales
 N - a fan of gales
Comestibles
 c - 6 chunks of flesh
 f - 36 rations


   Skills:
 + Level 10.4(9.7) Fighting
 * Level 14.0(13.2) Axes
 + Level 10.4(9.7) Armour
 + Level 8.9(8.3) Dodging
 + Level 10.4(9.7) Shields
 + Level 10.5(9.8) Invocations
 * Level 9.5(8.8) Evocations


You had 13 spell levels left.
You didn't know any spells.

Dungeon Overview and Level Annotations

Branches:
Dungeon (11/15)            Temple (0/1) D:5            Lair (6/6) D:10
 Shoals (0/4) Lair:4        Snake (0/4) Lair:2        Slime (0/5) Lair:6
    Orc (1/2) D:11

Altars:
Ashenzari
Cheibriados
Elyvilon
Fedhas
Gozag
Makhleb
Nemelex Xobeh
Qazlal
Ru
Sif Muna
Trog
Vehumet
Wu Jian
The Shining One
Jiyva

Shops:
D:4 [

Portals:
Trove: D:10 (give +3 gold dragon scales)

Annotations:
D:2 Sigmund
D:8 1 runed door
Lair:6 1 runed door


Innate Abilities, Weirdness & Mutations

You reflexively headbutt those who attack you in melee.
You have a pair of horns on your head.


Message History

You headbutt the chaos spawn.
The orc sorcerer hits you but does no damage.
You hit the orc sorcerer but do no damage.
The orc sorcerer is almost dead.
Your shield and plate armour prevent you from hitting the chaos spawn.
You slash the orc knight!
The orc knight hits you with an enchanted long sword.
You block the chaos spawn's attack. The orc sorcerer casts a spell at you.
The bolt of fire hits you!
* * * LOW HITPOINT WARNING * * *
You block the orc knight's attack. The chaos spawn barely misses you.
You hit the orc sorcerer.
The orc sorcerer is almost dead.
You hit the orc knight but do no damage.
You hit the chaos spawn.
The orc sorcerer gestures at you while chanting.
The bolt of negative energy misses you. You block the chaos spawn's attack.
The orc knight hits you with an enchanted long sword!!
You die...

### ....###
##.###.....## ###
#......#....#
...####.##...##.##
...#.#..........##
#..........$...#
#.)o)))........##
#@))))>...$...#
......o4).)))#......###
..........#.####....#.##
#........#### #........#
.......... ###....)#>.#
...........##.....)<)###
....###...........)[)#
...# ##..............#
..........##


You could see an orc knight, a chaos spawn and an orc sorcerer.

Vanquished Creatures
  Harold (D:11)
  A catoblepas (Lair:6)
  3 two-headed ogres
  3 death yaks (Lair:6)
  A deep troll shaman (Lair:6)
  An orc sorcerer (Orc:1)
  A cyclops (D:11)
  An ugly thing (D:11)
  14 elephants
  6 black mambas
  A torpor snail (Lair:5)
  The ghost of aaksess the Charlatan, a novice FoAr of Zin (D:5)
  12 spiny frogs
  5 komodo dragons
  4 trolls
  2 hornets
  2 polar bears (Lair:6)
  Grinder (D:4)
  6 hippogriffs
  13 dream sheep
  10 blink frogs
  A shadow (D:11)
  A human (D:7)
  4 hogs (D:7)
  2 basilisks
  16 yaks
  A hungry ghost (D:8)
  Eustachio (D:4)
  A steam dragon (D:10)
  Menkaure (D:7)
  A naga (Lair:2)
  13 water moccasins
  6 porcupines
  7 orc warriors
  An ice beast (D:4)
  4 black bears
  3 sky beasts
  8 ogres
  A necrophage (D:8)
  4 phantoms
  15 wolves
  5 crocodiles
  5 centaurs
  A big kobold (D:11)
  20 bullfrogs
  6 gnoll sergeants
  A scorpion (D:4)
  2 wyvern skeletons
  7 killer bees
  A howler monkey (D:7)
  7 electric eels
  4 crimson imps
  A centaur zombie (D:7)
  5 hounds
  2 jellies
  14 orc priests
  Crazy Yiuf (D:7)
  A bullfrog skeleton (D:5)
  3 centaur skeletons
  3 iron imps (D:4)
  15 orc wizards
  Jessica (D:4)
  9 worker ants
  2 hound skeletons
  Robin (D:3)
  A howler monkey zombie (D:10)
  A worker ant zombie (D:3)
  A howler monkey skeleton (D:4)
  17 gnolls
  7 adders
  2 shadow imps (D:11)
  An ooze (D:1)
  An adder skeleton (D:3)
  7 worms
  14 dart slugs
  7 leopard geckos
  71 orcs
  4 giant cockroaches
  5 hobgoblins
  15 jackals
  6 kobolds
  7 quokkas
  5 ball pythons
  7 bats
  6 frilled lizards
  19 goblins
  2 jackal skeletons
  A leopard gecko zombie (D:3)
  8 rats
  2 fungi
  4 plants
518 creatures vanquished.

Vanquished Creatures (collateral kills)
  Erolcha (D:10)
  5 hydras
  2 death yaks (Lair:6)
  Urug (Lair:3)
  2 oklob plants
  4 elephants
  A troll (D:11)
  3 dream sheep (Lair:4)
  3 blink frogs (Lair:5)
  A hippogriff (Lair:4)
  A yak (Lair:5)
  A basilisk (Lair:6)
  An ogre (D:11)
  A gnoll sergeant (D:11)
  A bullfrog (Lair:3)
  A wyvern skeleton (D:10)
  A gnoll (D:11)
  A jackal (D:10)
  2 plants
33 creatures vanquished.

Vanquished Creatures (others)
  A hydra (Lair:6)
  A spiny frog (Lair:6)
  An ogre (D:9)
  A centaur (D:11)
  An orc (D:10)
  A bat (D:2)
  A goblin (D:3)
  7 fungi
  3 plants
17 creatures vanquished.

Grand Total: 568 creatures vanquished

Notes
Turn   | Place    | Note
-------+----------+-------------------------------------------
     0 | D:1      | wojtek the Minotaur Fighter began the quest for the Orb.
     0 | D:1      | Reached XP level 1. HP: 19/19 MP: 0/0
    54 | D:1      | Reached skill level 3 in Axes
    68 | D:1      | Reached XP level 2. HP: 26/26 MP: 1/1
   203 | D:1      | Reached skill level 4 in Axes
   207 | D:1      | Reached XP level 3. HP: 26/31 MP: 2/2
   429 | D:1      | Found a blossoming altar of Fedhas.
   890 | D:2      | Noticed Sigmund
  1144 | D:2      | Found a white marble altar of Elyvilon.
  1268 | D:2      | Reached skill level 5 in Axes
  1330 | D:2      | Found a faded altar of an unknown god.
  1506 | D:2      | Found a sacrificial altar of Ru.
  1679 | D:2      | Reached XP level 4. HP: 39/39 MP: 3/3
  1914 | D:3      | Noticed Robin
  1934 | D:3      | Killed Robin
  1934 | D:3      | Reached skill level 6 in Axes
  2075 | D:3      | Found a snail-covered altar of Cheibriados.
  2212 | D:3      | Reached XP level 5. HP: 44/45 MP: 4/4
  2237 | D:3      | You fall through a shaft!
  2460 | D:3      | Reached skill level 7 in Axes
  2761 | D:3      | Reached XP level 6. HP: 18/51 MP: 5/5
  2979 | D:4      | Reached skill level 8 in Axes
  3396 | D:4      | Found a burning altar of Makhleb.
  3426 | D:4      | Reached skill level 1 in Dodging
  3484 | D:4      | Became a worshipper of Makhleb the Destroyer
  3508 | D:4      | Noticed Grinder
  3526 | D:4      | Paralysed by Grinder for 7 turns
  3533 | D:4      | Killed Grinder
  3533 | D:4      | Reached skill level 1 in Invocations
  3533 | D:4      | Reached XP level 7. HP: 25/60 MP: 5/7
  3750 | D:4      | Found Rejied's Armour Boutique.
  3848 | D:4      | Noticed Jessica
  3860 | D:4      | Killed Jessica
  3865 | D:4      | Found a deep blue altar of Sif Muna.
  4168 | D:5      | Entered Level 5 of the Dungeon
  4361 | D:5      | Noticed Eustachio
  4391 | D:5      | Noticed aaksess's ghost (novice FoAr)
  4629 | D:4      | Killed Eustachio
  4629 | D:4      | Reached skill level 5 in Fighting
  4629 | D:4      | Reached XP level 8. HP: 54/68 MP: 7/9
  4844 | D:5      | Reached skill level 5 in Shields
  4847 | D:5      | Reached skill level 5 in Armour
  4870 | D:5      | Reached * piety under Makhleb
  4977 | D:5      | Found a glowing golden altar of the Shining One.
  5087 | D:5      | Killed aaksess's ghost
  5087 | D:5      | Reached skill level 9 in Axes
  5543 | D:5      | Found a staircase to the Ecumenical Temple.
  5638 | D:5      | Found a shattered altar of Ashenzari.
  5953 | D:6      | Found a radiant altar of Vehumet.
  6175 | D:7      | Reached skill level 1 in Evocations
  6198 | D:7      | Reached XP level 9. HP: 60/75 MP: 6/11
  6319 | D:7      | Found a runed door.
  6553 | D:7      | Reached skill level 5 in Invocations
  7067 | D:7      | Noticed Menkaure
  7073 | D:7      | Killed Menkaure
  7356 | D:7      | You fall through a shaft for 2 floors!
  7383 | D:9      | Found a bloodstained altar of Trog.
  7388 | D:9      | Reached ** piety under Makhleb
  7696 | D:9      | Found an ornate altar of the Wu Jian Council.
  7955 | D:7      | Reached XP level 10. HP: 84/84 MP: 13/13
  8006 | D:7      | Reached skill level 5 in Dodging
  8265 | D:7      | Noticed Crazy Yiuf
  8267 | D:7      | Killed Crazy Yiuf
  8358 | D:8      | Reached *** piety under Makhleb
  8647 | D:8      | Found a runed door.
  8772 | D:8      | Found a stormy altar of Qazlal.
  9431 | D:9      | Reached skill level 10 in Axes
  9883 | D:9      | Reached **** piety under Makhleb
 10104 | D:9      | Found an opulent altar of Gozag.
 10105 | D:9      | Found a sparkling altar of Nemelex Xobeh.
 10229 | D:10     | Entered Level 10 of the Dungeon
 10479 | D:10     | Found a portal to a secret trove of treasure.
 10576 | D:10     | Noticed a two-headed ogre
 10592 | D:10     | Killed a two-headed ogre
 10592 | D:10     | Reached skill level 5 in Evocations
 10850 | D:10     | Noticed Erolcha
 10860 | D:10     | Killed Erolcha
 10860 | D:10     | Reached XP level 11. HP: 74/93 MP: 15/15
 11071 | D:10     | Found a staircase to the Lair.
 11071 | D:10     | Noticed an oklob plant
 11095 | D:10     | Killed an oklob plant
 11364 | Lair:1   | Entered Level 1 of the Lair of Beasts
 11931 | Lair:1   | Noticed a four-headed hydra
 11944 | Lair:1   | Killed a four-headed hydra
 11979 | Lair:1   | Reached skill level 11 in Axes
 13130 | Lair:2   | Found a staircase to the Snake Pit.
 14873 | Lair:3   | Noticed an oklob plant
 14906 | Lair:3   | Killed an oklob plant
 15100 | Lair:3   | Reached XP level 12. HP: 85/103 MP: 17/17
 15711 | Lair:3   | Noticed Urug
 15724 | Lair:3   | Killed Urug
 15867 | Lair:4   | Found a staircase to the Shoals.
 16137 | Lair:4   | Reached skill level 12 in Axes
 16958 | Lair:5   | Noticed an eight-headed hydra
 16965 | Lair:5   | Killed an eight-headed hydra
 18130 | Lair:6   | Entered Level 6 of the Lair of Beasts
 18130 | Lair:6   | Noticed a six-headed hydra
 18137 | Lair:6   | Killed a six-headed hydra
 18137 | Lair:6   | Reached XP level 13. HP: 103/111 MP: 19/19
 18453 | Lair:5   | Reached skill level 10 in Invocations
 18497 | Lair:5   | Reached skill level 13 in Axes
 19428 | Lair:6   | Found a runed door.
 19428 | Lair:6   | Found a viscous altar of Jiyva.
 19428 | Lair:6   | Found a staircase to the Slime Pits.
 19583 | Lair:6   | Reached skill level 10 in Fighting
 19712 | Lair:6   | Reached skill level 10 in Armour
 19717 | Lair:6   | Reached skill level 10 in Shields
 21013 | D:11     | Noticed Harold
 21034 | D:11     | Killed Harold
 21138 | D:11     | Found a staircase to the Orcish Mines.
 21712 | D:11     | Reached XP level 14. HP: 122/122 MP: 20/20
 22041 | Orc:1    | Entered Level 1 of the Orcish Mines
 22078 | Orc:1    | Reached skill level 14 in Axes
 22146 | Orc:1    | Slain by an orc knight

Skill      XL: |  1  2  3  4  5  6  7  8  9 10 11 12 13 14 |
---------------+-------------------------------------------+-----
Axes           | 3 4 5 6 7 8 9 10 11 12 13 14 | 14.0
Dodging        | 2 3 4 5 6 7 8 |  8.9
Fighting       | 4 5 6 7 8 9 10 | 10.4
Armour         | 4 5 6 7 8 9 10 | 10.4
Shields        | 4 5 6 7 8 9 10 | 10.4
Invocations    | 1 2 4 6 7 8 9 10 | 10.5
Evocations     | 1 3 5 6 8 9 |  9.5

Action                   |  1- 3 |  4- 6 |  7- 9 | 10-12 | 13-15 || total
-------------------------+-------+-------+-------+-------+-------++-------
Melee: War axe           |   112 |   211 |   333 |   932 |   524 ||  2112
       Headbutt          |    14 |    33 |    51 |   192 |   151 ||   441
Invok: Lesser Servant of |       |       |       |    19 |    15 ||    34
       Minor Destruction |       |       |       |    13 |     1 ||    14
Evoke: Wand              |       |       |     2 |    10 |       ||    12
  Use: Scroll            |       |       |       |    14 |     2 ||    16
 Stab: Petrified         |       |       |       |       |     1 ||     1
  Eat: Chunk             |     3 |     6 |    14 |    33 |    13 ||    69
       Ration            |       |       |       |     1 |       ||     1
Armor: Scale mail        |    33 |       |       |       |       ||    33
       Chain mail        |     8 |   100 |   150 |    48 |       ||   306
       Plate armour      |       |       |       |   288 |   294 ||   582
Dodge: Dodged            |    23 |    38 |    89 |   166 |   136 ||   452
Block: Shield            |    61 |   140 |   278 |   212 |       ||   691
       Reflection        |     2 |     5 |    15 |     7 |     6 ||    35
       Large shield      |       |       |       |   626 |   662 ||  1288
